 Dungeon Crawl Stone Soup version 0.28.0-45-g0d030f2227 (webtiles) character file.

Game seed: 11989059788758682341

88 protoss039 the Conjurer (level 4, -3/51 HPs)
             Began as a Demonspawn Conjurer on May 15, 2022.
             Was an Initiate of Vehumet.
             Succumbed to Sigmund's poison
             ... on level 3 of the Dungeon.
             The game lasted 00:04:42 (2179 turns).

protoss039 the Conjurer (Demonspawn Conjurer)       Turns: 2179, Time: 00:04:43

Health: -3/51      AC: 22    Str:  8    XL:     4   Next: 29%
Magic:  2/8        EV:  2    Int: 21    God:    Vehumet [......]
Gold:   108        SH:  0    Dex: 11    Spells: 5/8 levels left

rFire   . . .      SeeInvis +   c - +0 spear
rCold   . . .      Faith    .   (no shield)
rNeg    . . .      Spirit   .   (armour currently unavailable)
rPois   +          Reflect  .   (helmet currently unavailable)
rElec   .          Harm     .   (cloak currently unavailable)
rCorr   .          Rampage  .   (gloves currently unavailable)
Will    .....      NoTele   +   (boots currently unavailable)
Stlth   ++........              (no amulet)
HPRegen 0.17/turn               l - ring of see invisible
MPRegen 0.11/turn               (no ring)

@: lethally poisoned (-3 -> -21), tree-form
A: stationary, stasis, torment immunity, boosted hp, (weakness stinger 1)
a: Renounce Religion


You were on level 3 of the Dungeon.
You worshipped Vehumet.
Vehumet was noncommittal.
You were a tree.
You visited 1 branch of the dungeon, and saw 3 of its levels.

You collected 108 gold pieces.

Inventory:

Hand Weapons
 c - a +0 spear (weapon)
Missiles
 d - 2 throwing nets
Armour
 a - a +0 robe (melded)
 f - a +2 helmet of intelligence (melded)
 h - a +0 pair of gloves (melded)
Jewellery
 l - a ring of see invisible (left branch)
Wands
 e - a wand of polymorph (10)
Scrolls
 b - a scroll of teleportation {unknown}
 g - a scroll of magic mapping {unknown}
 i - a scroll of amnesia {unknown}
 j - a scroll of fear {unknown}
 m - a scroll of holy word {unknown}


   Skills:
 * Level 2.7 Fighting
 - Level 1.7 Dodging
 - Level 1.7 Stealth
 + Level 2.7 Spellcasting
 + Level 4.5 Conjurations


You had 5 spell levels left.
You knew the following spells:

 Your Spells              Type           Power      Damage    Failure   Level
a - Magic Dart            Conj           84%        1d7       2%          1
b - Searing Ray           Conj           42%        2d6       3%          2

Your spell library contained the following spells:

 Spells                   Type           Power      Damage    Failure   Level
 Dazzling Flash           Conj/Hex       24%        N/A       16%         3
 Fulminant Prism          Conj/Hex       6%         3d7       47%         4
 Iskenderun's Mystic Bla  Conj/Tloc      12%        2d5       47%         4


Dungeon Overview and Level Annotations

Branches:
Dungeon (3/15)

Altars:
Vehumet

Shops:
D:1 (

Annotations:
D:3 Sigmund


Innate Abilities, Weirdness & Mutations

You are a tree.
Your roots penetrate the ground, keeping you stationary.
You cannot be teleported.
You are immune to unholy pain and torment.
Your maximum health is greatly increased.
Your equipment is partially melded.
((You have a small tail.))


Message History

Unknown command.
You feel sick.
Sigmund hits you from afar with a +0 scythe of venom!
* * * LOW HITPOINT WARNING * * *
You are lethally poisoned!
Unknown command.
Unknown command.
* * * LOW HITPOINT WARNING * * *
You feel very sick.
Unknown command.
Unknown command.
* * * LOW HITPOINT WARNING * * *
You feel very sick. Sigmund hits you but does no damage.
You are more poisoned.
Unknown command.
Unknown command.
Unknown command.
You feel less confused.
* * * LOW HITPOINT WARNING * * *
You feel very sick. Sigmund casts a spell at you.
The puff of flame hits you but does no damage.
Unknown command.
Unknown command.
Unknown command.
Okay, then.
You aren't carrying any potions.
Okay, then.
Okay, then.
Okay, then.
Casting: Searing Ray (safe; 3% risk of failure)
Confirm with . or Enter, or press ? or * to list all spells.
Aiming: Searing Ray (safe; 3% risk of failure)
Press: ? - help, Shift-Dir - straight line, f - Sigmund
Aim: Sigmund, wielding a +0 scythe of venom and wearing a +0 robe (heavily wounded, slightly transparent, 75% to hit)
The searing ray hits Sigmund.
Sigmund is severely wounded. (Press . to maintain the ray.)
You die...

#..#..... . ....
######........ . #...
#............ |#...#
#...........# #....#
#.........# ###.#.#
#.........# #.....# .
#.........#####.#@# ..
#........÷#<....#># ##...
#...........###.♣.###...
...........####.###.o.
#..........))†..).#.# .
....###..#####.##.[.# ..
#.### ..####...# #.##...##
... ...[.
###....#.#####.##....###.#
.....
##..####..##...###.......##
..... ##.######.##.###
##........ $....
..†......†.....# #.....#..
.....


You could see Sigmund (invisible).

Vanquished Creatures
  4 adders
  2 dart slugs (D:1)
  4 orcs
  4 ball pythons
  4 bats
  An endoplasm (D:1)
  2 giant cockroaches (D:3)
  4 goblins
  2 hobgoblins (D:1)
  4 jackals (D:2)
  A quokka (D:3)
  A frilled lizard (D:3)
  6 kobolds
  4 rats
43 creatures vanquished.

Notes
Turn   | Place    | Note
-------+----------+-------------------------------------------
     0 | D:1      | protoss039 the Demonspawn Conjurer began the quest for the
                  | Orb.
     0 | D:1      | Reached XP level 1. HP: 13/13 MP: 3/3
   495 | D:1      | Found Jotakiul's Antique Weapon Shop.
   538 | D:1      | Reached skill level 1 in Fighting
   564 | D:1      | Gained mutation: You have a small tail. [demonic ancestry]
   564 | D:1      | Reached XP level 2. HP: 21/21 MP: 5/5
   709 | D:1      | Found a faded altar of an unknown god.
   983 | D:1      | Learned a level 2 spell: Searing Ray
  1041 | D:2      | Reached XP level 3. HP: 26/27 MP: 2/6
  1233 | D:2      | Found a radiant altar of Vehumet.
  1294 | D:2      | Became a worshipper of Vehumet
  1667 | D:3      | Noticed Sigmund
  1909 | D:3      | Reached XP level 4. HP: 34/34 MP: 1/7
  2178 | D:3      | HP: 1/51 [poisoned by Sigmund]
  2179 | D:3      | Succumbed to Sigmund's poison

Illustrated notes

Levels and vault maps discovered:
D:1:      ncdulo_lavacross, layout_basic, serial_shops, shop,
          ebering_ecumenical_altar_abandoned
D:2:      layout_rooms, basic_altar, kennysheep_generic_room_12
D:3:      layout_rooms, nicolae_qazlal_scattered_showers, uniq_sigmund

Skill      XL: |  1  2  3 |
---------------+----------+-----
Fighting       | 1 2 |  2.7
Dodging        | |  1.7
Stealth        | |  1.7
Spellcasting   | |  2.7
Conjurations   | |  4.5

Action                   |  1- 3 |  4- 6 || total
-------------------------+-------+-------++-------
Melee: Spear             |    46 |    10 ||    56
       Unarmed           |     7 |       ||     7
       Tailslap          |     2 |       ||     2
       Punch             |     1 |       ||     1
 Cast: Magic Dart        |    23 |     8 ||    31
       Searing Ray       |    10 |     5 ||    15
  Use: Potion            |       |     1 ||     1
 Stab: Sleeping          |     4 |       ||     4
Armor: Robe              |    10 |     4 ||    14
       Skin              |       |     3 ||     3
Dodge: Dodged            |    30 |     4 ||    34
